 Dungeon Crawl Stone Soup version 0.28.0-53-g5a82cb258f (webtiles) character file.

Game seed: 10750906182847983418

103213 Gabide the Crack Shot (level 15, -18/99 HPs)
             Began as a Deep Elf Hunter on June 18, 2022.
             Was the Champion of Dithmenos.
             Demolished by a merfolk impaler
             ... wielding a +1 trident of freezing
              (22 damage)
             ... on level 2 of the Shoals.
             The game lasted 01:41:10 (26100 turns).

Gabide the Crack Shot (Deep Elf Hunter)            Turns: 26100, Time: 01:41:11

Health: -18/99     AC: 11    Str: 15    XL:     15   Next: 88%
Magic:  17/17      EV: 19    Int: 18    God:    Dithmenos [******]
Gold:   1577       SH:  0    Dex: 15    Spells: 14/14 levels left

rFire   + . .      SeeInvis .   a - +4 longbow (flame)
rCold   . . .      Faith    .   (shield currently unavailable)
rNeg    . . .      Spirit   .   J - +0 leather armour {Will+}
rPois   +          Reflect  .   v - +2 hat
rElec   .          Harm     .   (no cloak)
rCorr   .          Rampage  .   e - +2 pair of gloves
Will    ++...                   L - +2 pair of boots
Stlth   +++.......              j - amulet of regeneration
HPRegen 1.06/turn               S - ring of protection from fire
MPRegen 0.15/turn               P - ring of poison resistance

@: about to teleport, wreathed by umbra
A: no striking features
a: Renounce Religion, Shadow Step, Shadow Form


You were on level 2 of the Shoals.
You worshipped Dithmenos.
Dithmenos was exalted by your worship.
You visited 4 branches of the dungeon, and saw 24 of its levels.
You also visited: Sewer.

You collected 1704 gold pieces.
You spent 127 gold pieces at shops.

Inventory:

Hand Weapons
 a - a +4 longbow of flaming (weapon)
 b - a +1 vampiric demon blade
Missiles
 d - 189 arrows (quivered ammo)
 N - 5 throwing nets
Armour
 e - a +2 pair of gloves (worn)
 h - a +1 leather armour of fire resistance
 v - a +2 hat (worn)
 w - a +2 troll leather armour {Pargi}
 G - +0 acid dragon scales
 J - a +0 leather armour of willpower (worn)
 K - the +0 robe of Pessimism {rN++ Int+4}
   (You found it on level 9 of the Dungeon)

   Int:       It affects your intelligence (+4).
   rN:        It greatly protects you from negative energy.
 L - a +2 pair of boots (worn)
 O - a scarf of shadows
Jewellery
 j - an amulet of regeneration (around neck)
 C - a ring of see invisible
 E - a ring of ice
 F - a ring of protection from fire
 P - a ring of poison resistance (right hand)
 Q - a +6 ring of dexterity
 S - a ring of protection from fire (left hand)
 T - a ring of protection from cold
Wands
 m - a wand of iceblast (9)
 z - a wand of charming (19)
 A - a wand of polymorph (9)
 X - a wand of paralysis (5)
 Y - a wand of acid (4)
 Z - a wand of mindburst (8)
Scrolls
 f - 4 scrolls of vulnerability
 k - 5 scrolls of fog
 l - a scroll of immolation
 n - 2 scrolls of silence
 p - 4 scrolls of identify
 q - a scroll of noise
 r - 5 scrolls of teleportation
 s - 3 scrolls of magic mapping
 t - 3 scrolls of fear
 y - 2 scrolls of amnesia
 D - a scroll of summoning
 I - a scroll of torment
 M - a scroll of brand weapon
Potions
 c - 3 potions of haste
 g - 5 potions of mutation
 i - 3 potions of attraction
 o - 11 potions of curing
 u - 4 potions of magic
 x - 2 potions of cancellation
 B - 8 potions of ambrosia
 H - 3 potions of invisibility
 U - a potion of berserk rage
 V - a potion of resistance
 W - a potion of might
Miscellaneous
 R - a condenser vane


   Skills:
 * Level 13.6 Fighting
 - Level 2.0(6.5) Short Blades
 + Level 9.0(9.1) Long Blades
 * Level 23.7 Bows
 * Level 14.6 Dodging
 - Level 1.2 Stealth


You had 14 spell levels left.
You didn't know any spells.
Your spell library contained the following spells:

 Spells                   Type           Power      Damage    Failure   Level
 Animate Skeleton         Necr           0%         N/A       26%         1
 Foxfire                  Conj/Fire      0%         2x1d4     26%         1
 Magic Dart               Conj           0%         1d3       26%         1
 Pain                     Necr           0%         1d4       26%         1
 Sting                    Tmut/Pois      0%         1d3       26%         1
 Blink                    Tloc           0%         N/A       38%         2
 Call Imp                 Summ           0%         N/A       38%         2
 Corpse Rot               Necr/Air       0%         N/A       38%         2
 Ensorcelled Hibernation  Hex/Ice        0%         N/A       38%         2
 Poisonous Vapours        Pois/Air       0%         N/A       38%         2
 Static Discharge         Conj/Air       0%         N/A       38%         2
 Conjure Flame            Conj/Fire      0%         6-21      63%         3
 Ignite Poison            Fire/Tmut/Pois 0%         N/A       63%         3
 Inner Flame              Hex/Fire       0%         N/A       63%         3
 Lesser Beckoning         Tloc           0%         N/A       63%         3
 Mephitic Cloud           Conj/Pois/Air  0%         N/A       63%         3
 Portal Projectile        Hex/Tloc       0%         N/A       63%         3
 Vampiric Draining        Necr           0%         2d6       63%         3
 Airstrike                Air            0%         N/A       95%         4
 Cause Fear               Hex            0%         N/A       95%         4
 Dispel Undead            Necr           0%         3d6       95%         4
 Flame Wave               Conj/Fire      0%         2d4       95%         4
 Ice Form                 Ice/Tmut       0%         N/A       95%         4
 Olgreb's Toxic Radiance  Pois           0%         N/A       95%         4
 Sticky Flame             Conj/Fire      0%         2d3       95%         4
 Summon Lightning Spire   Summ/Air       0%         N/A       95%         4
 Agony                    Necr           0%         N/A       100%        5
 Alistair's Intoxication  Tmut/Pois      0%         N/A       100%        5
 Blade Hands              Tmut           0%         N/A       100%        5
 Borgnjor's Vile Clutch   Necr/Erth      0%         N/A       100%        5
 Excruciating Wounds      Necr           0%         N/A       100%        5
 Freezing Cloud           Conj/Ice/Air   0%         6-21      100%        5
 Lightning Bolt           Conj/Air       0%         1d11      100%        5
 Manifold Assault         Tloc           0%         N/A       100%        5
 Eringya's Noxious Bog    Tmut/Pois      0%         N/A       100%        6
 Storm Form               Tmut/Air       0%         N/A       100%        7
 Discord                  Hex            0%         N/A       100%        8


Dungeon Overview and Level Annotations

Branches:
Dungeon (15/15)            Temple (1/1) D:4            Lair (6/6) D:10
 Shoals (2/4) Lair:3        Snake (0/4) Lair:2        Slime (0/5) Lair:5
    Orc (0/2) D:11         Vaults (0/5) D:13         Depths (0/4) D:15
  Sewer (visited)

Altars:
Ashenzari
Cheibriados
Dithmenos
Elyvilon
Fedhas
Gozag
Hepliaklqana
Kikubaaqudgha
Makhleb
Nemelex Xobeh
Okawaru
Qazlal
Ru
Sif Muna
Trog
Uskayaw
Vehumet
Wu Jian
Xom
Yredelemnul
Zin
The Shining One
Lugonu

Shops:
D:4 :(**=

Portals:
Abyss: Shoals:1

Annotations:
D:13 1 runed translucent door
D:15 Roxanne
Shoals:1 1 runed translucent door


Message History

You shoot an arrow. The arrow hits the merfolk impaler!!
The arrow burns the merfolk impaler.
The merfolk impaler is severely wounded.
The merfolk impaler closely misses you. x2
Fire: 191 arrows
Press: ? - help, Q - select action, (/) - cycle Shift-Dir - straight line, f/p - merfolk impaler
Aim: a merfolk impaler, wielding a +1 trident of freezing and wearing a +0 leather armour (heavily wounded, umbra, 57% to hit)
You shoot an arrow.
The arrow barely misses the merfolk impaler.
You hear a splash.
The merfolk impaler completely misses you. x2
Fire: 190 arrows
Press: ? - help, Q - select action, (/) - cycle Shift-Dir - straight line, f/p - merfolk impaler
Aim: a merfolk impaler, wielding a +1 trident of freezing and wearing a +0 leather armour (heavily wounded, umbra, 57% to hit)
You shoot an arrow. The arrow hits the merfolk impaler!
The arrow burns the merfolk impaler.
The merfolk impaler is almost dead.
The merfolk impaler hits you from afar with a +1 trident of freezing!
The merfolk impaler freezes you. The merfolk impaler closely misses you.
The merfolk impaler hits you from afar with a +1 trident of freezing!!
The merfolk impaler freezes you.
The merfolk impaler hits you from afar with a +0 trident.
Press: ? - help, v - describe, . - travel
Here: a merfolk impaler, wielding a +0 trident and wearing a +0 robe (umbra)
The floor, spattered with blood.
As you read the scroll of teleportation, it crumbles to dust.
You feel strangely unstable.
The merfolk impaler hits you from afar with a +1 trident of freezing!
* * * LOW HITPOINT WARNING * * *
The merfolk impaler freezes you.
* * * LOW HITPOINT WARNING * * *
The merfolk impaler hits you from afar with a +0 trident!
* * * LOW HITPOINT WARNING * * *
Okay, then.
The merfolk javelineer shouts!
The merfolk javelineer throws a javelin.
The javelin pierces through you!
* * * LOW HITPOINT WARNING * * *
The merfolk impaler hits you from afar with a +1 trident of freezing!!
You die...

# ##..≈≈≈≈≈≈≈≈≈≈≈≈.≈≈≈≈≈..... ##
#..≈≈≈≈≈≈≈≈≈≈≈≈≈.≈≈≈≈≈..≈≈. .##
##.≈≈≈≈≈≈≈.≈≈≈≈≈≈≈≈≈≈≈..≈≈. ..#
#..≈≈≈≈≈≈.≈≈≈.≈≈≈≈≈≈≈≈≈≈≈≈ ..#
###....≈≈≈≈≈.≈≈.≈≈≈≈≈≈≈≈..≈≈
..####...###.≈≈≈≈≈m≈..≈≈≈≈≈≈≈...≈
.........# #..≈≈≈.m.(m≈≈≈(≈≈≈≈≈≈≈
....≈≈≈..###.≈≈≈..##.≈≈≈≈≈≈≈≈≈≈≈≈
.#..≈≈≈≈≈...≈≈≈.@###.m≈≈≈≈≈≈≈≈≈
##...≈≈≈≈≈≈≈≈≈≈≈≈.....≈≈≈≈≈≈≈≈≈
.....≈≈≈≈≈≈≈≈≈≈....##..m≈≈≈≈≈≈≈
≈........≈≈≈≈≈≈≈...##§≈≈≈≈≈≈≈≈≈
P≈≈......≈≈≈≈≈≈≈≈≈≈§§§≈≈≈m≈≈≈≈≈..
≈≈P......≈≈≈≈≈≈≈≈≈§§§§§§≈≈≈≈≈≈≈>.
≈≈.......≈≈#####m≈§..m≈≈≈≈≈≈≈≈≈..
≈≈≈......≈##≈≈≈##≈≈..≈≈≈≈≈≈≈≈≈≈.#
≈≈≈≈..P #m≈≈≈≈#§§§.≈≈≈≈≈≈≈≈≈≈..


You could see 3 merfolk impalers and a merfolk javelineer.

Vanquished Creatures
  Nessos (D:12)
  The ghost of Coinoenn the Fighter, a journeyman MiBe of Trog (D:12)
  A merfolk javelineer (Shoals:2)
  A yaktaur captain (D:13)
  A great orb of eyes (D:15)
  An ogre mage (D:15)
  10 hydras
  3 merfolk aquamancers
  2 catoblepae
  A deep troll shaman (Lair:6)
  9 two-headed ogres
  4 centaur warriors
  2 tengu warriors (D:15)
  8 death yaks (Lair:6)
  2 sea snakes (Shoals:1)
  5 skeletal warriors (D:14)
  An orc knight (D:15)
  A wizard (D:15)
  A lindwurm (Lair:6)
  9 harpies (Shoals:1)
  4 oklob plants (Lair:2)
  Pikel (D:7)
  18 ugly things
  6 cyclopes
  A cyclops (shapeshifter) (D:15)
  4 manticores
  A salamander (shapeshifter) (D:12)
  16 elephants
  2 merfolk sirens
  7 black mambas
  An ice statue (Lair:5)
  3 apocalypse crabs (Shoals:1)
  An unseen horror (D:10)
  8 cane toads
  A kobold demonologist (D:14)
  8 komodo dragons
  2 efreet
  2 yaktaurs (D:13)
  6 rime drakes
  A tengu conjurer (D:15)
  An ice devil (Lair:5)
  A troll (D:9)
  6 meliai
  A queen bee (Lair:2)
  20 merfolk
  8 polar bears
  22 slime creatures
  A wind drake (Shoals:1)
  A raiju (shapeshifter) (D:13)
  18 blink frogs
  3 snapping turtles
  4 dream sheep (Shoals:1)
  A meliai zombie (D:10)
  3 wyverns
  A wraith (D:10)
  8 water elementals
  36 yaks
  6 basilisks
  A steam dragon (D:10)
  6 vampire mosquitoes
  An acid dragon (D:9)
  21 water moccasins
  Pargi (Sewer)
  A black bear (D:7)
  9 ice beasts
  9 orc warriors
  A necrophage (D:5)
  2 ogres
  21 wolves
  7 centaurs
  4 phantoms
  4 lemures (D:7)
  A kobold brigand (D:9)
  8 bullfrogs
  A wyvern zombie (D:8)
  3 scorpions
  5 wights
  31 killer bees
  6 howler monkeys
  A bullfrog zombie (D:6)
  A jelly (D:6)
  5 centaur zombies
  4 orc priests
  A hound (D:6)
  12 orc wizards
  2 iguanas (D:5)
  A killer bee zombie (D:7)
  A howler monkey zombie (D:9)
  12 adders
  A howler monkey skeleton (D:7)
  A white imp (D:7)
  An ufetubus (D:6)
  A dart slug (D:3)
  45 orcs
  4 endoplasms
  5 giant cockroaches
  2 goblins (D:1)
  9 hobgoblins
  6 jackals
  5 quokkas
  9 ball pythons
  6 bats
  5 frilled lizards
  10 kobolds
  8 rats
599 creatures vanquished.

Vanquished Creatures (collateral kills)
  An ogre (D:6)
  A centaur (D:8)
2 creatures vanquished.

Vanquished Creatures (others)
  32 fungi
  66 plants
98 creatures vanquished.

Grand Total: 699 creatures vanquished

Notes
Turn   | Place    | Note
-------+----------+-------------------------------------------
     0 | D:1      | Gabide the Deep Elf Hunter began the quest for the Orb.
     0 | D:1      | Reached XP level 1. HP: 12/12 MP: 3/3
   245 | D:1      | Reached skill level 1 in Short Blades
   300 | D:1      | Reached XP level 2. HP: 16/16 MP: 4/4
  1086 | D:2      | Reached XP level 3. HP: 21/21 MP: 5/5
  1532 | D:2      | Found a faded altar of an unknown god.
  1620 | D:2      | Found a shimmering blue altar of Sif Muna.
  2070 | D:3      | Found a hide-covered altar of Uskayaw.
  2216 | D:3      | Reached skill level 6 in Bows
  2238 | D:3      | Reached XP level 4. HP: 27/27 MP: 6/6
  2335 | D:3      | Found a burning altar of Makhleb.
  2415 | D:3      | Reached XP level 5. HP: 32/32 MP: 7/7
  2432 | D:3      | Reached skill level 7 in Bows
  3097 | D:4      | Found Vidal's General Store.
  3107 | D:4      | Found Miedip's General Store.
  3107 | D:4      | Noticed a phantom
  3120 | D:4      | Found Qomoy's Weapon Shoppe.
  3120 | D:4      | Noticed a phantom
  3126 | D:4      | Killed a phantom
  3127 | D:4      | Reached XP level 6. HP: 14/37 MP: 8/8
  3212 | D:4      | Found Xenept's Book Emporium.
  3251 | D:4      | Found a staircase to the Ecumenical Temple.
  3278 | Temple   | Entered the Ecumenical Temple
  3322 | Temple   | Became a worshipper of Dithmenos the Shadowed
  3480 | D:4      | Bought a scroll of enchant weapon for 75 gold pieces
  3480 | D:4      | Bought a potion of lignification for 30 gold pieces
  3499 | D:4      | Bought a scroll of identify for 22 gold pieces
  3606 | D:4      | Reached skill level 8 in Bows
  3657 | D:4      | Found Niuram's Jewellery Shop.
  4057 | D:5      | Entered Level 5 of the Dungeon
  4068 | D:5      | Reached XP level 7. HP: 44/44 MP: 9/9
  4462 | D:5      | Reached skill level 9 in Bows
  4468 | D:5      | Reached skill level 5 in Fighting
  4565 | D:5      | Found a glowing drain.
  4615 | D:5      | Reached * piety under Dithmenos
  4638 | Sewer    | Entered a sewer
  4707 | Sewer    | Noticed Pargi
  4719 | Sewer    | Killed Pargi
  4720 | Sewer    | Reached XP level 8. HP: 50/50 MP: 10/10
  5016 | D:6      | Reached skill level 10 in Bows
  5377 | D:6      | Reached skill level 11 in Bows
  6040 | D:7      | Reached skill level 1 in Long Blades
  6266 | D:7      | Reached XP level 9. HP: 43/56 MP: 11/11
  6371 | D:7      | Reached ** piety under Dithmenos
  6657 | D:7      | Noticed Pikel
  6665 | D:7      | Killed Pikel
  7071 | D:8      | Reached skill level 12 in Bows
  7335 | D:8      | HP: 2/49 [centaur (6)]
  7348 | D:8      | Reached skill level 5 in Long Blades
  8202 | D:9      | Reached XP level 10. HP: 42/64 MP: 12/12
  8234 | D:9      | Reached skill level 13 in Bows
  8851 | D:9      | Identified the +0 robe of Pessimism {rN++ Int+4}
  8960 | D:10     | Entered Level 10 of the Dungeon
  9202 | D:10     | Reached skill level 14 in Bows
  9355 | D:10     | Noticed a manticore
  9364 | D:10     | Killed a manticore
  9499 | D:10     | Reached *** piety under Dithmenos
  9672 | D:10     | Reached skill level 10 in Fighting
  9694 | D:10     | Reached XP level 11. HP: 64/72 MP: 13/13
  9965 | D:10     | Reached skill level 5 in Dodging
 10135 | D:10     | Found a staircase to the Lair.
 10456 | Lair:1   | Entered Level 1 of the Lair of Beasts
 10596 | Lair:1   | Noticed an eight-headed hydra
 10824 | D:10     | Killed an eight-headed hydra
 11246 | Lair:1   | Reached skill level 15 in Bows
 11739 | Lair:2   | Found a staircase to the Snake Pit.
 11744 | Lair:2   | Identified the +2 kite shield "Vigip" {rF- Str+3 Stlth+}
 11778 | Lair:2   | Reached skill level 16 in Bows
 11927 | Lair:2   | Reached **** piety under Dithmenos
 11959 | Lair:2   | Reached skill level 17 in Bows
 12210 | Lair:2   | Reached XP level 12. HP: 41/77 MP: 14/14
 12406 | Lair:2   | Reached skill level 18 in Bows
 13604 | Lair:3   | Noticed a four-headed hydra
 13611 | Lair:3   | Killed a four-headed hydra
 13612 | Lair:3   | Reached skill level 19 in Bows
 13612 | Lair:3   | Found a staircase to the Shoals.
 13657 | Lair:3   | You fall into a shaft and drop 3 floors!
 13657 | Lair:6   | Entered Level 6 of the Lair of Beasts
 13662 | Lair:6   | Noticed a five-headed hydra
 13673 | Lair:6   | Killed a five-headed hydra
 13832 | Lair:5   | Reached skill level 20 in Bows
 13851 | Lair:5   | Reached ***** piety under Dithmenos
 14043 | Lair:5   | Found a staircase to the Slime Pits.
 14838 | Lair:4   | Noticed a five-headed hydra
 14842 | Lair:4   | Killed a five-headed hydra
 14880 | Lair:4   | Reached XP level 13. HP: 82/82 MP: 15/15
 15750 | Lair:4   | Got the Guide on Transformation and Bewitchment
 16321 | Lair:3   | Reached skill level 21 in Bows
 17881 | Lair:6   | Reached skill level 22 in Bows
 18025 | Lair:6   | Reached XP level 14. HP: 91/91 MP: 16/16
 18079 | Lair:6   | Reached ****** piety under Dithmenos
 18710 | Lair:6   | Found the +15 Maxwell's patent armour {-Cast -Tele rElec
                  | Will+ rCorr}
 19167 | D:11     | Found a stormy altar of Qazlal.
 19341 | D:11     | Found a staircase to the Orcish Mines.
 19856 | D:12     | Found a runed translucent gate.
 19856 | D:12     | Found a runed translucent gate.
 19856 | D:12     | Found a runed translucent gate.
 19860 | D:12     | Noticed Coinoenn's ghost (journeyman MiBe)
 20017 | D:12     | Reached skill level 10 in Dodging
 20447 | D:12     | Killed Coinoenn's ghost
 20624 | D:12     | Noticed Nessos
 20632 | D:12     | Killed Nessos
 20773 | D:12     | You fall into a shaft and drop 2 floors!
 21416 | D:13     | Found a gate to the Vaults.
 21749 | D:13     | Found a runed translucent door.
 21948 | D:13     | Noticed a fire giant
 22222 | D:14     | Found a sacrificial altar of Ru.
 22672 | D:14     | Reached XP level 15. HP: 79/97 MP: 17/17
 22799 | D:14     | Found a hazy altar of Hepliaklqana.
 22915 | D:15     | Entered Level 15 of the Dungeon
 23045 | D:15     | Reached skill level 23 in Bows
 23504 | D:15     | Noticed Roxanne
 23791 | D:15     | Paralysed by a great orb of eyes for 2 turns
 23809 | D:15     | Found a staircase to the Depths.
 24179 | Shoals:1 | Entered Level 1 of the Shoals
 24567 | Shoals:1 | Found a runed translucent door.
 24576 | Shoals:1 | Found a corrupted altar of Lugonu.
 24576 | Shoals:1 | Found a one-way gate to the infinite horrors of the Abyss.
 26100 | Shoals:2 | HP: 4/99 [merfolk javelineer/javelin (11)]
 26100 | Shoals:2 | Demolished by a merfolk impaler

Illustrated notes

Levels and vault maps discovered:
D:1:      tarquinn_simple_flora_water_d, layout_basic
D:2:      layout_basic, basic_ecumenical_altar, basic_altar, minmay_tetromino_t4
D:3:      layout_loops_corners, amcnicky_altar_gilded,
          mainiacjoe_overflow_chevrons, minmay_pentomino_pile
D:4:      layout_basic, minmay_temple_entry_overgrown, serial_shops, shop,
          nicolae_take_the_stairs, shop, nicolae_inconvenience_store,
          nicolae_shop_trees, hangedman_decor_opposing,
          chequers_serial_rivers_micro_b, corner_web_ring
D:5:      layout_cave_pools, serial_rivers, chequers_serial_rivers_micro_e,
          chequers_serial_rivers_room_a, chequers_serial_rivers_room_a,
          chequers_serial_rivers_large_b, chequers_serial_rivers_micro_a,
          gup_sewer_entry_glass
D:6:      layout_cave_pods
D:7:      layout_gridville, serial_glass, glass_columns_b, glass_columns_a,
          glass_columns_a, glass_columns_a, item_on_display_a,
          minmay_strange_pillars, uniq_pikel
D:8:      layout_rooms
D:9:      layout_basic
D:10:     layout_roguey, erik_lair_dragon, hangedman_decor_riveting
D:11:     kennysheep_blocky_hall, layout_cave_pools, david_orc_4, serial_glass,
          glass_columns_a, glass_columns_a, glass_columns_a, glass_columns_b,
          glass_columns_b, glass_columns_a, grunt_qazlal_clouds
D:12:     layout_layer_cave, gammafunk_ghost_hydra_chop, uniq_nessos
D:13:     layout_irregular_city, david_vaults_2, lightli_airlock
D:14:     layout_roguey, nicolae_ru_the_path_less_chosen, st_stairs_7,
          nicolae_hepliaklqana_hippocampus
D:15:     gammafunk_enter_depths_forms, layout_loops_ring, uniq_roxanne
Temple:   regret_index_temple_chain_breaker
Lair:1:   layout_regular_city
Lair:2:   minmay_lair_oklob_tunnel, layout_gridlike, dummy_snake_entry,
          special_room [special_room_bee], grunt_megastairs_4
Lair:3:   layout_small_grid, shoals_dummy_entry, lemuel_fruit_fields
Lair:4:   layout_loops_ring
Lair:5:   layout_regular_city, slime_dummy, ice2_lemuel
Lair:6:   grunt_lair_end_beastmaster, layout_cave_pods, lemuel_fruit_fields,
          lemuel_fruit_tree
Shoals:1: layout_shoals, nicolae_shoals_abyss_on_the_beach
Shoals:2: layout_shoals, nicolae_shoals_mertower

Skill      XL: |  1  2  3  4  5  6  7  8  9 10 11 12 13 14 15 |
---------------+----------------------------------------------+-----
Short Blades   | 1 2 |  2.0
Fighting       | 2 3 4 5 6 7 10 11 12 13 | 13.6
Bows           | 6 7 8 9 11 12 14 17 20 22 23 | 23.7
Long Blades    | 2 5 7 8 9 |  9.0
Dodging        | 3 7 8 12 14 | 14.6
Stealth        | |  1.2

Action                   |  1- 3 |  4- 6 |  7- 9 | 10-12 | 13-15 || total
-------------------------+-------+-------+-------+-------+-------++-------
Melee: Short sword       |   120 |   126 |    74 |       |       ||   320
       Punch             |     1 |     1 |     5 |     5 |    11 ||    23
       Flail             |       |    18 |    25 |       |       ||    43
       Demon blade       |       |       |   190 |   384 |   470 ||  1044
       Scimitar          |       |       |    31 |    12 |       ||    43
       Shortbow          |       |       |       |     1 |       ||     1
 Fire: Shortbow          |    41 |    69 |   247 |   165 |       ||   522
       Longbow           |       |       |       |   394 |   986 ||  1380
Evoke: Wand              |       |       |       |     8 |     1 ||     9
  Use: Scroll            |     2 |     4 |    15 |    18 |    11 ||    50
       Potion            |     1 |     1 |     4 |     5 |     7 ||    18
 Stab: Sleeping          |       |     2 |       |       |       ||     2
       Paralysed         |       |       |       |     1 |       ||     1
Armor: Leather armour    |    43 |    40 |    20 |       |    16 ||   119
       Skin              |       |       |    15 |    17 |       ||    32
       Troll leather arm |       |       |   123 |   103 |    68 ||   294
       Acid dragon scale |       |       |       |    23 |   120 ||   143
Dodge: Dodged            |    87 |    88 |   387 |   432 |   687 ||  1681
